PA
SOUTH BEACH BLAZE @ YELLOWKNIFE DRAGONBLOOD
08/12/2029
 
TOP OF THE 1ST
South Beach Blaze batting - Pitching for Yellowknife Dragonblood : RHP Surrealiste Zhejna
Pitching: RHP Surrealiste Zhejna
Batting: RHB Giobbe Bastedo 0-0: Ball
1-0: SINGLE (Flyball, 9S)
Batting: RHB Harlan Peppers 0-0: Called Strike
0-1: Called Strike
0-2: Foul Ball, location: 2F
0-2: Foul Ball, location: 2F
0-2: Ball
1-2: Ball
2-2: Ball
3-2: Fly out, F5 (Popup, 56S)
Batting: LHB Marcel Escoda 0-0: Ball
1-0: Ball
2-0: Called Strike
2-1: Foul Ball, location: 2F
2-2: SINGLE (Groundball, 34S) (infield hit)
Giobbe Bastedo to second
Batting: LHB Sepulveda Zambrano 0-0: Ball
1-0: Called Strike
1-1: Swinging Strike
1-2: DOUBLE (Flyball, 89D)
Giobbe Bastedo scores
Marcel Escoda to third
Runner from 3rd tries for Home, SAFE, no throw
Batting: LHB Raymond Graham 0-0: Ball
1-0: Called Strike
1-1: SINGLE (Groundball, 34D)
Sepulveda Zambrano to third
Batting: SHB Serious Lee 0-0: Ball
Wild Pitch!
Sepulveda Zambrano scores
Raymond Graham to second
1-0: Swinging Strike
1-1: Fly out, F5 (Popup, 5S)
Batting: RHB Daniel Bertrand 0-0: Called Strike
0-1: Ball
1-1: Called Strike
1-2: Fly out, F7 (Flyball, 7LS)
Top of the 1st over - 3 runs, 4 hits, 0 errors, 1 left on base; South Beach 3 - Yellowknife 0
BOTTOM OF THE 1ST
Yellowknife Dragonblood batting - Pitching for South Beach Blaze : RHP Shaun Mahle
Pitching: RHP Shaun Mahle
Batting: RHB Bill Boyd 0-0: Foul Ball, location: 2F
0-1: Swinging Strike
0-2: Foul Ball, location: 2F
0-2: Ball
1-2: Strikes out looking
Batting: RHB Thad Hillsman 0-0: Ball
1-0: Ball
2-0: Swinging Strike
2-1: Called Strike
2-2: Ground out 6-3 (Groundball, 6MD)
Batting: LHB Jayden Laming 0-0: Ground out 4-3 (Groundball, 4)
Bottom of the 1st over - 0 runs, 0 hits, 0 errors, 0 left on base; South Beach 3 - Yellowknife 0
TOP OF THE 2ND
South Beach Blaze batting - Pitching for Yellowknife Dragonblood : RHP Surrealiste Zhejna
Batting: RHB Greg Schiff 0-0: Ball
1-0: Called Strike
1-1: Swinging Strike
1-2: Ground out 6-3 (Groundball, 56D)
Batting: RHB Ed Bowers 0-0: Called Strike
0-1: Called Strike
0-2: Strikes out swinging
Batting: RHB Giobbe Bastedo 0-0: Called Strike
0-1: Foul Ball, location: 2F
0-2: Ball
1-2: Fly out, F6 (Line Drive, 6)
Top of the 2nd over - 0 runs, 0 hits, 0 errors, 0 left on base; South Beach 3 - Yellowknife 0
BOTTOM OF THE 2ND
Yellowknife Dragonblood batting - Pitching for South Beach Blaze : RHP Shaun Mahle
Batting: RHB Gilberto Clemente 0-0: Called Strike
0-1: Foul Ball, location: 2F
0-2: Strikes out swinging
Batting: LHB Santiago Miranda 0-0: Ball
1-0: Ball
2-0: Swinging Strike
2-1: Called Strike
2-2: Ground out U3 (Groundball, 3L)
Batting: RHB Víctor Cuevas 0-0: Ball
1-0: Called Strike
1-1: Ball
2-1: Ball
3-1: Fly out, F9 (Flyball, 89D)
Bottom of the 2nd over - 0 runs, 0 hits, 0 errors, 0 left on base; South Beach 3 - Yellowknife 0
TOP OF THE 3RD
South Beach Blaze batting - Pitching for Yellowknife Dragonblood : RHP Surrealiste Zhejna
Batting: RHB Harlan Peppers 0-0: Foul Ball, location: 2F
0-1: Foul Ball, location: 2F
0-2: Ball
1-2: Foul Ball, location: 2F
1-2: Strikes out swinging, 2-3 out at first.
Batting: LHB Marcel Escoda 0-0: Called Strike
0-1: Ball
1-1: Ball
2-1: Swinging Strike
2-2: Reached on error, E6 (Line Drive, 6)
Batting: LHB Sepulveda Zambrano 0-0: Ball
Marcel Escoda steals 2nd base
1-0: Ball
2-0: Foul Ball, location: 2F
2-1: Foul Ball, location: 2F
2-2: Fly out, F7 (Flyball, 78M)
Batting: LHB Raymond Graham 0-0: Called Strike
Marcel Escoda is caught stealing 3rd base
Top of the 3rd over - 0 runs, 0 hits, 1 error, 0 left on base; South Beach 3 - Yellowknife 0
BOTTOM OF THE 3RD
Yellowknife Dragonblood batting - Pitching for South Beach Blaze : RHP Shaun Mahle
Batting: RHB Riley Walker 0-0: Ball
1-0: Called Strike
1-1: Foul Ball, location: 2F
1-2: SINGLE (Line Drive, 4D)
Batting: RHB Cristo Cuervo 0-0: SINGLE (Groundball, 6MD)
Riley Walker to second
Batting: RHB Andy Garnet 0-0: Called Strike
0-1: Called Strike
0-2: Ball
1-2: Strikes out swinging
Batting: RHB Bill Boyd 0-0: Foul Ball, location: 2F
0-1: Swinging Strike
0-2: Ball
1-2: Strikes out swinging
Batting: RHB Thad Hillsman 0-0: Ball
1-0: Called Strike
1-1: Called Strike
1-2: Fielders Choice at 2nd, 5-4 (Groundball, 5)
Bottom of the 3rd over - 0 runs, 2 hits, 0 errors, 2 left on base; South Beach 3 - Yellowknife 0
TOP OF THE 4TH
South Beach Blaze batting - Pitching for Yellowknife Dragonblood : RHP Surrealiste Zhejna
Batting: LHB Raymond Graham 0-0: Ball
1-0: SINGLE (Groundball, 6D)
Batting: SHB Serious Lee 0-0: Ball
1-0: Swinging Strike
1-1: Ball
2-1: Swinging Strike
2-2: SINGLE (Groundball, 25) (infield hit)
Raymond Graham to second
Batting: RHB Daniel Bertrand 0-0: Ball
1-0: Called Strike
1-1: Ball
2-1: SINGLE (Groundball, 56D)
Raymond Graham to third
Serious Lee to second
Runner from 3rd tries for Home, SAFE, no throw
Batting: RHB Greg Schiff 0-0: Called Strike
0-1: DOUBLE (Line Drive, 7LM)
Serious Lee scores
Daniel Bertrand to third
Batting: RHB Ed Bowers 0-0: Ball
Error on foul ball, E5
1-1: Swinging Strike
1-2: Ball
2-2: Ball
3-2: Fly out, F6 (Line Drive, 6)
Batting: RHB Giobbe Bastedo 0-0: Ball
1-0: Foul Ball, location: 2F
1-1: Ball
2-1: Called Strike
2-2: Foul Ball, location: 2F
2-2: Foul Ball, location: 2F
2-2: Ball
3-2: Foul Ball, location: 2F
3-2: Foul Ball, location: 2F
3-2: Strikes out swinging
Batting: RHB Harlan Peppers 0-0: Ball
1-0: Ball
2-0: Called Strike
2-1: Ball
3-1: Ground out 5-3 (Groundball, 56)
Top of the 4th over - 2 runs, 4 hits, 1 error, 2 left on base; South Beach 5 - Yellowknife 0
BOTTOM OF THE 4TH
Yellowknife Dragonblood batting - Pitching for South Beach Blaze : RHP Shaun Mahle
Batting: LHB Jayden Laming 0-0: SINGLE (Line Drive, 89S)
Batting: RHB Gilberto Clemente 0-0: Fly out, F7 (Flyball, 78S)
Batting: LHB Santiago Miranda 0-0: Ball
Jayden Laming steals 2nd base
1-0: Ball
2-0: Foul Ball, location: 2F
2-1: Ground out 4-3 (Groundball, 4)
Jayden Laming to third
Batting: RHB Víctor Cuevas 0-0: Foul Ball, location: 2F
0-1: Ball
1-1: Fly out, F8 (Flyball, 8LD)
Bottom of the 4th over - 0 runs, 1 hit, 0 errors, 1 left on base; South Beach 5 - Yellowknife 0
TOP OF THE 5TH
South Beach Blaze batting - Pitching for Yellowknife Dragonblood : RHP Surrealiste Zhejna
Batting: LHB Marcel Escoda 0-0: Ground out 6-3 (Groundball, 6MS)
Batting: LHB Sepulveda Zambrano 0-0: Ground out 3-1 (Groundball, 2R)
Batting: LHB Raymond Graham 0-0: Ball
1-0: Called Strike
1-1: Swinging Strike
1-2: Foul Ball, location: 2F
1-2: Fly out, F8 (Flyball, 8LD)
Top of the 5th over - 0 runs, 0 hits, 0 errors, 0 left on base; South Beach 5 - Yellowknife 0
BOTTOM OF THE 5TH
Yellowknife Dragonblood batting - Pitching for South Beach Blaze : RHP Shaun Mahle
Batting: RHB Riley Walker 0-0: Ball
1-0: Foul Ball, location: 2F
1-1: Fly out, F8 (Flyball, 8LM)
Batting: RHB Cristo Cuervo 0-0: Called Strike
0-1: Swinging Strike
0-2: Strikes out swinging
Batting: RHB Andy Garnet 0-0: Fly out, F8 (Flyball, 8LM)
Bottom of the 5th over - 0 runs, 0 hits, 0 errors, 0 left on base; South Beach 5 - Yellowknife 0
TOP OF THE 6TH
South Beach Blaze batting - Pitching for Yellowknife Dragonblood : RHP Surrealiste Zhejna
Pitching: RHP Van Lapointe
Batting: SHB Serious Lee 0-0: Called Strike
0-1: Ball
1-1: Ball
2-1: Ball
3-1: DOUBLE (Groundball, 3L)
Batting: RHB Daniel Bertrand 0-0: Ball
Serious Lee steals 3rd base
1-0: Ground out 5-3 (Groundball, 5S)
Batting: RHB Greg Schiff 0-0: Ball
1-0: Ball
2-0: Swinging Strike
2-1: Ball
Wild Pitch!
Serious Lee scores
3-1: Foul Ball, location: 2F
3-2: Foul Ball, location: 2F
3-2: SINGLE (Line Drive, 7S)
Batting: RHB Ed Bowers 0-0: Foul Ball, location: 2F
0-1: Ground out 5-3 (Groundball, 2L)
Greg Schiff to second
Batting: RHB Giobbe Bastedo 0-0: Foul Ball, location: 2F
0-1: Ball
1-1: Ball
2-1: Foul Ball, location: 2F
2-2: Ball
3-2: Foul Ball, location: 2F
3-2: SINGLE (Groundball, 56S) (infield hit)
Greg Schiff to third
Batting: RHB Harlan Peppers 0-0: DOUBLE (Line Drive, 5D)
Greg Schiff scores
Giobbe Bastedo to third
Runner from 3rd tries for Home, SAFE, no throw
Batting: LHB Marcel Escoda 0-0: Called Strike
0-1: DOUBLE (Groundball, 5L)
Harlan Peppers scores
Batting: LHB Sepulveda Zambrano 0-0: Ball
1-0: Foul Ball, location: 2F
1-1: Ball
2-1: Ball
3-1: Fly out, F6 (Popup, 6MD)
Top of the 6th over - 4 runs, 5 hits, 0 errors, 1 left on base; South Beach 9 - Yellowknife 0
BOTTOM OF THE 6TH
Yellowknife Dragonblood batting - Pitching for South Beach Blaze : RHP Shaun Mahle
Batting: RHB Bill Boyd 0-0: Fly out, F6 (Line Drive, 6)
Batting: RHB Thad Hillsman 0-0: Ball
1-0: Foul Ball, location: 2F
1-1: Called Strike
1-2: Foul Ball, location: 2F
1-2: Ball
2-2: Fly out, F8 (Flyball, 78D)
Batting: LHB Jayden Laming 0-0: SINGLE (Line Drive, 6D)
Batting: RHB Gilberto Clemente 0-0: Called Strike
0-1: Foul Ball, location: 2F
0-2: Fly out, F8 (Flyball, 89D)
Bottom of the 6th over - 0 runs, 1 hit, 0 errors, 1 left on base; South Beach 9 - Yellowknife 0
TOP OF THE 7TH
South Beach Blaze batting - Pitching for Yellowknife Dragonblood : RHP Van Lapointe
Batting: LHB Raymond Graham 0-0: Ball
1-0: Called Strike
1-1: Foul Ball, location: 2F
1-2: SINGLE (Groundball, 4MD)
Batting: SHB Serious Lee 0-0: Ball
1-0: Foul Ball, location: 2F
1-1: Swinging Strike
1-2: Foul Ball, location: 2F
1-2: Foul Ball, location: 2F
1-2: Strikes out looking
Batting: RHB Daniel Bertrand 0-0: Called Strike
0-1: Called Strike
0-2: Ball
1-2: Foul Ball, location: 2F
1-2: Fielders Choice at 2nd, 4-6 (Groundball, 4)
Batting: RHB Greg Schiff 0-0: Called Strike
0-1: Called Strike
0-2: Ball
1-2: Strikes out looking
Top of the 7th over - 0 runs, 1 hit, 0 errors, 1 left on base; South Beach 9 - Yellowknife 0
BOTTOM OF THE 7TH
Yellowknife Dragonblood batting - Pitching for South Beach Blaze : RHP Shaun Mahle
Batting: LHB Santiago Miranda 0-0: Called Strike
0-1: Called Strike
0-2: Foul Ball, location: 2F
0-2: Ball
1-2: Ball
2-2: Ball
3-2: Strikes out swinging
Batting: RHB Víctor Cuevas 0-0: Swinging Strike
0-1: Foul Ball, location: 2F
0-2: Strikes out swinging
Batting: RHB Riley Walker 0-0: Ball
1-0: Ball
2-0: Foul Ball, location: 2F
2-1: Swinging Strike
2-2: Foul Ball, location: 2F
2-2: Strikes out looking
Bottom of the 7th over - 0 runs, 0 hits, 0 errors, 0 left on base; South Beach 9 - Yellowknife 0
TOP OF THE 8TH
South Beach Blaze batting - Pitching for Yellowknife Dragonblood : RHP Van Lapointe
Batting: RHB Ed Bowers 0-0: DOUBLE (Groundball, 3L)
Batting: RHB Giobbe Bastedo 0-0: Ball
1-0: Foul Ball, location: 2F
1-1: Called Strike
1-2: TRIPLE (Flyball, 8RXD)
Ed Bowers scores
Batting: RHB Harlan Peppers 0-0: Ball
1-0: Ball
2-0: Called Strike
2-1: Foul Ball, location: 2F
2-2: Ball
3-2: Base on Balls
Pitching: RHP Shang-de Fu
Batting: LHB Marcel Escoda 0-0: Foul Ball, location: 2F
0-1: Called Strike
0-2: Strikes out swinging
Batting: LHB Sepulveda Zambrano 0-0: Ball
1-0: Fly out, F8 (Flyball, 8RXD)
Runner from 3rd tags up, SCORES, no throw
Batting: LHB Raymond Graham 0-0: Ball
1-0: Fly out, F3 (Flyball, 3D)
Top of the 8th over - 2 runs, 2 hits, 0 errors, 1 left on base; South Beach 11 - Yellowknife 0
BOTTOM OF THE 8TH
Yellowknife Dragonblood batting - Pitching for South Beach Blaze : RHP Shaun Mahle
Batting: RHB Cristo Cuervo 0-0: Ball
1-0: Called Strike
1-1: Foul Ball, location: 2F
1-2: Strikes out swinging
Batting: RHB Andy Garnet 0-0: Called Strike
0-1: Ball
1-1: Ground out 4-3 (Groundball, 4)
Batting: RHB Bill Boyd 0-0: Ground out 6-3 (Groundball, 56)
Bottom of the 8th over - 0 runs, 0 hits, 0 errors, 0 left on base; South Beach 11 - Yellowknife 0
TOP OF THE 9TH
South Beach Blaze batting - Pitching for Yellowknife Dragonblood : RHP Shang-de Fu
Batting: SHB Serious Lee 0-0: Foul Ball, location: 2F
0-1: Ball
1-1: SINGLE (Line Drive, 6MD)
Batting: RHB Daniel Bertrand 0-0: Called Strike
0-1: Fielders Choice at 2nd, 4-6 (Groundball, 4)
Pinch Hitting: RHB Fortunato Rasquinha 0-0: Called Strike
0-1: Called Strike
0-2: Fly out, F3 (Popup, 3SF)
Batting: RHB Ed Bowers 0-0: Ball
1-0: Ball
2-0: Ball
3-0: Called Strike
3-1: Called Strike
3-2: Strikes out looking
Top of the 9th over - 0 runs, 1 hit, 0 errors, 1 left on base; South Beach 11 - Yellowknife 0
BOTTOM OF THE 9TH
Yellowknife Dragonblood batting - Pitching for South Beach Blaze : RHP Shaun Mahle
Now at 2B: Bart Goodine
Batting: RHB Thad Hillsman 0-0: Called Strike
0-1: Ball
1-1: Ball
2-1: Fly out, F8 (Flyball, 8RM)
Batting: LHB Jayden Laming 0-0: Hit by Pitch
Batting: RHB Gilberto Clemente 0-0: Ball
1-0: Ball
2-0: Called Strike
2-1: Fly out, F9 (Flyball, 9)
Batting: LHB Santiago Miranda 0-0: Swinging Strike
0-1: Called Strike
0-2: Ball
1-2: Ball
2-2: Strikes out swinging
Bottom of the 9th over - 0 runs, 0 hits, 0 errors, 1 left on base; South Beach 11 - Yellowknife 0
Tuesday, December 19th, 2017 - OOTP Baseball 18.8 Build 76